 Dungeon Crawl Stone Soup version 0.22.1-2-g9c5b331383 (webtiles) character file.

101 Jukra the Shield-Bearer (level 4, -1/41 HPs)
             Began as a Minotaur Fighter on Dec 26, 2018.
             Slain by an orc
             ... wielding a +0 whip
              (2 damage)
             ... on level 3 of the Dungeon.
             The game lasted 00:03:44 (1747 turns).

Jukra the Shield-Bearer (Minotaur Fighter)          Turns: 1747, Time: 00:03:44

Health: -1/41      AC:  8    Str: 22    XL:     4   Next: 48%
Magic:  3/3        EV:  8    Int:  5    God:
Gold:   163        SH:  9    Dex:  9    Spells: 3/3 levels left

rFire    + . .     SeeInvis .   a - +0 long sword
rCold    . . .     Gourm    .   c - +0 shield
rNeg     . . .     Faith    .   b - +0 scale mail
rPois    .         Spirit   .   (helmet restricted)
rElec    .         Reflect  .   (no cloak)
rCorr    .         Harm     .   l - +0 pair of gloves
MR       +....                  (no boots)
Stlth    ..........             (no amulet)
HPRegen  0.13/turn              i - ring of protection from magic
MPRegen  0.08/turn              j - ring of protection from fire

@: no status effects
A: retaliatory headbutt, horns 2
a: no special abilities


You were on level 3 of the Dungeon.
You were not hungry.

You visited 1 branch of the dungeon, and saw 3 of its levels.

You collected 163 gold pieces.

Inventory:

Hand Weapons
 a - a +0 long sword (weapon)
Armour
 b - a +0 scale mail (worn)
 c - a +0 shield (worn)
 l - a +0 pair of gloves (worn)
Jewellery
 i - a ring of protection from magic (left hand)
 j - a ring of protection from fire (right hand)
Scrolls
 g - 2 scrolls of remove curse {unknown}
 h - a scroll of immolation {unknown}
 k - a scroll of fog {unknown}
 m - a scroll of magic mapping {unknown}
 n - a scroll of teleportation {unknown}
 p - a scroll of random uselessness {unknown}
 q - 2 scrolls of identify {unknown}
Potions
 d - 3 potions of might
 e - a potion of lignification {unknown}
 o - a potion of invisibility {unknown}
 s - a potion of curing {unknown}
Comestibles
 f - 8 rations
 r - 4 chunks of flesh


   Skills:
 + Level 4.3 Fighting
 + Level 3.4 Long Blades
 + Level 4.3 Armour
 + Level 0.8 Dodging
 + Level 4.5 Shields


You had 3 spell levels left.
You didn't know any spells.
Your spell library was empty.

Dungeon Overview and Level Annotations

Branches:
Dungeon (3/15)

Altars:
Fedhas

Shops:
D:3 *


Innate Abilities, Weirdness & Mutations

You reflexively headbutt those who attack you in melee.
You have a pair of horns on your head.


Message History

You block the orc's attack. x2
You barely miss the orc. Your headbutt misses the orc.
You block the orc's attack.
An orc comes into view. It is wielding a club.
An orc comes into view. It is wielding a trident.
The orc hits you with a club.
* * * LOW HITPOINT WARNING * * *
The orc shouts!
You slash the orc!
You kill the orc!
You hear a bark!
You block the orc's attack. The orc barely misses you.
You hit the orc.
The orc is moderately wounded.
The orc hits you but does no damage. The orc hits you.
* * * LOW HITPOINT WARNING * * *
You slash the orc!
You kill the orc!
The orc hits you with a whip.
You die...

..#...)<...##...#
#....†....†#...#..
#....)†.........$.
##....$(..)).......
......?..).###...#.
###......?..###P..#
###....(....# .PP#
#.......### _.#
#....@..# .P#
#...$o)....#
#.......####
#........o
#.......##.
#.....#o# ..
####..#.. . ##..##.


You could see 3 orcs.

Vanquished Creatures
  An orc wizard (D:3)
  An adder (D:3)
  An ooze (D:1)
  A leopard gecko (D:3)
  8 orcs (D:3)
  6 bats
  7 giant cockroaches
  A goblin (D:2)
  4 hobgoblins
  4 jackals (D:2)
  2 frilled lizards
  5 kobolds
  8 rats
49 creatures vanquished.

Notes
Turn   | Place    | Note
-------+----------+-------------------------------------------
     0 | D:1      | Jukra the Minotaur Fighter began the quest for the Orb.
     0 | D:1      | Reached XP level 1. HP: 19/19 MP: 0/0
   230 | D:1      | Reached XP level 2. HP: 25/27 MP: 1/1
   890 | D:2      | Reached XP level 3. HP: 27/33 MP: 2/2
  1069 | D:2      | Found a faded altar of an unknown god.
  1675 | D:3      | Found Zin's Purification Station.
  1715 | D:3      | Reached XP level 4. HP: 16/41 MP: 3/3
  1727 | D:3      | Found a blossoming altar of Fedhas.
  1744 | D:3      | HP: 2/41 [orc/club (5)]
  1747 | D:3      | Slain by an orc

Skill      XL: |  1  2  3 |
---------------+----------+-----
Fighting       | 4 |  4.3
Armour         | 4 |  4.3
Shields        | 4 |  4.5
Long Blades    | 3 |  3.4
Dodging        | |  0.8

Action                   |  1- 3 |  4- 6 || total
-------------------------+-------+-------++-------
Melee: Long sword        |   125 |    13 ||   138
       Headbutt          |    15 |     3 ||    18
  Eat: Chunk             |     2 |     1 ||     3
Armor: Scale mail        |    96 |     7 ||   103
Dodge: Dodged            |    39 |     6 ||    45
Block: Shield            |    89 |     8 ||    97
       Rpst.: Long sword |    10 |     1 ||    11
